Map: Dreamcatcher LE

Players

HeRoMaRinE

  • Race: Terran Terran
  • Spawn Location: 5:00

Zest - Winner!

  • Race: Protoss Protoss
  • Spawn Location: 11:00

Event: 2018 WCS Global Finals

VOD

Have the link to the VOD?

Description

Time

  • Played on: Oct. 26, 2018, 2:21 p.m.
  • Length: 10:57

All games in this series

Show
View Real Time Build Order
Export as new Build Order

HeRoMaRinE Terran 

Build Orders: Gas First Reaper Expand, Reaper Expand 

Get SALT Encoding   

  12  0:00  SCV  
  13  0:12  SCV  
  14  0:17  Supply Depot  
  14  0:24  SCV  
  15  0:29  Refinery  
  15  0:39  SCV  
  16  0:44  Barracks  
  16  0:51  SCV  
  17  1:03  SCV  
  18  1:15  SCV  
  19  1:31  Reaper, Orbital Command  
  20  1:45  Command Center  
  20  1:56  Factory  
  20  1:59  SCV  
  21  2:06  Barracks Reactor  
  21  2:11  SCV  
  21  2:13  Supply Depot  
  22  2:16  Refinery  
  22  2:23  SCV  
  23  2:35  SCV  
  24  2:42  Widow Mine, Marine  
  27  2:47  SCV  
  28  2:52  Starport  
  28  2:58  Marine  
  29  3:00  Marine, SCV  
  31  3:22  SCV  
  31  3:34  Marine  
  31  3:38  Marine  
  31  3:40  Viking, SCV  
  31  3:41  Widow Mine, Orbital Command  
  36  3:52  Marine  
  36  3:53  SCV  
  36  3:54  Barracks  
  38  3:56  Marine  
  39  4:02  Factory Tech Lab  
  39  4:05  SCV  
  39  4:07  SCV  
  40  4:11  Supply Depot  
  42  4:17  SCV  
  42  4:18  Starport Reactor  
  42  4:19  Barracks, SCV  
  42  4:20  Engineering Bay  
  42  4:28  Stimpack, Marine  
  42  4:29  SCV  
  44  4:31  SCV  
  44  4:33  Factory Tech Lab  
  45  4:41  SCV  
  45  4:43  Supply Depot, SCV  
  47  4:47  Terran Infantry Weapons Level 1, Marine x3  
  47  4:52  Siege Tank  
  53  4:53  SCV  
  53  4:57  Supply Depot  
  54  5:03  Starport Reactor  
  54  5:05  Marine x2, SCV  
  54  5:06  SCV  
  59  5:08  Supply Depot  
  59  5:11  Marauder  
  59  5:14  Marine x2  
  61  5:16  Refinery  
  64  5:24  Marine, Siege Tank  
  64  5:25  Marine, Supply Depot  
  64  5:26  SCV  
  68  5:28  SCV  
  68  5:33  Marauder, Marine  
  68  5:34  Marine  
  73  5:40  Medivac  
  77  5:44  Marine, Medivac  
  77  5:46  Marine  
  79  5:51  Marine  
  79  5:52  Marine, Supply Depot  
  79  5:57  Marauder  
  79  6:02  Marine  
  79  6:03  SCV x2, Supply Depot  
  79  6:04  Marine, Factory Reactor  
  84  6:09  Marine  
  86  6:12  Refinery  
  86  6:14  Marine  
  86  6:15  Supply Depot  
  87  6:21  Marauder, Marine  
  87  6:22  Marine  
  87  6:23  Medivac  
  93  6:26  Supply Depot  
  93  6:29  Combat Shield  
  90  6:34  Marine x2  
  90  6:35  Medivac  
  95  6:41  Marine x2  
  95  6:43  Marauder  
  95  6:44  Widow Mine  
  95  6:45  Widow Mine  
  101  6:52  Marine  
  102  6:56  Marine  
  102  6:57  Medivac  
  102  6:59  Marine  
  106  7:03  Supply Depot  
  106  7:04  Marauder  
  106  7:05  Marine  
  111  7:09  Widow Mine, Marine  
  111  7:10  Widow Mine  
  111  7:14  Marine  
  111  7:15  Medivac  
  117  7:16  Supply Depot  
  117  7:17  Marine  
  118  7:24  Marine  
  118  7:26  Marauder  
  118  7:27  Marine  
  120  7:32  Marine  
  120  7:35  Marine  
  122  7:42  Marine  
  106  7:45  Marine  
  106  7:46  Marine  
  106  7:49  Marine  
  95  7:52  Widow Mine x2, Marine  
  95  7:53  Medivac x2  
  102  8:00  Marine  
  102  8:03  Marine  
  102  8:04  Marine  
  101  8:05  Command Center  
  101  8:07  Marine  
  101  8:09  Liberator  
  101  8:10  Liberator  
  101  8:12  Barracks  
  102  8:13  Marine, Barracks  
  102  8:15  Widow Mine  
  102  8:16  Widow Mine  
  102  8:17  Marine  
  110  8:26  Marauder  
  113  8:28  Marine x2  
  118  8:35  Marine x2  
  118  8:40  Supply Depot  
  120  8:46  Marine x2, Widow Mine  
  120  8:47  Marauder, Widow Mine  
  128  8:50  Concussive Shells  
  128  8:54  Marine x2  
  128  8:55  Supply Depot  
  130  9:03  Supply Depot  
  130  9:04  Marine x2  
  130  9:05  Marauder, Barracks Tech Lab  
  130  9:08  Widow Mine x2  
  130  9:09  Marauder  
  139  9:12  Marine  
  139  9:13  Marine  
  139  9:14  Marine  
  142  9:21  Marine  
  142  9:22  Marine  
  142  9:26  Marine  
  142  9:29  Widow Mine, Marine  
  142  9:30  Marine  
  147  9:31  Marine x2  
  143  9:39  Marine  
  143  9:40  Marine  
  143  9:44  Marine  
  100  9:47  Marine  
  100  9:48  Marine  
  100  9:49  Marine x2  
  87  9:57  Marine  
  87  9:58  Marine  
  85  10:02  Marine  
  85  10:05  Marine  
  86  10:10  Marine  
  87  10:14  Marine  
  87  10:19  Marine  
  89  10:24  Marine  
  90  10:29  Marine  
  90  10:33  Marine x2  
  85  10:39  Marine x2  
Show
View Real Time Build Order
Export as new Build Order

Zest Protoss - Winner!

Build Orders: 1 Gate Expand, Double Forge, Blink Stalkers, Chargelot Immortal 

Get SALT Encoding   

  12  0:00  Probe  
  13  0:12  Probe  
  14  0:17  Pylon  
  14  0:24  Probe  
  15  0:32  Probe  
  15  0:37  Gateway  
  15  0:40  Probe  
  16  0:46  Assimilator  
  17  0:51  Probe  
  18  1:03  Probe  
  19  1:15  Probe  
  20  1:23  Cybernetics Core  
  20  1:33  Nexus  
  20  1:36  Probe  
  21  1:42  Pylon  
  21  1:48  Probe  
  21  1:50  Assimilator  
  21  1:51  Adept  
  22  2:00  Probe  
  25  2:04  Warp Gate  
  25  2:08  Stalker  
  25  2:13  Probe  
  28  2:26  Probe  
  28  2:32  Twilight Council  
  28  2:36  Stalker  
  28  2:38  Probe  
  31  2:47  Probe  
  31  2:50  Probe  
  33  2:59  Probe  
  33  3:02  Probe  
  35  3:09  Stalker  
  35  3:11  Probe  
  38  3:13  Gateway, Blink  
  38  3:14  Probe  
  39  3:23  Probe  
  39  3:27  Probe  
  41  3:35  Probe  
  41  3:37  Probe  
  41  3:45  Robotics Facility, Probe  
  41  3:47  Probe  
  42  3:49  Pylon  
  42  3:53  Probe  
  43  3:59  Probe  
  46  4:13  Stalker x2  
  46  4:16  Probe x2  
  51  4:17  Nexus  
  51  4:20  Assimilator  
  51  4:25  Pylon  
  51  4:26  Observer  
  51  4:28  Probe x2  
  53  4:37  Forge  
  53  4:38  Forge  
  54  4:43  Probe x2  
  54  4:44  Observer  
  56  4:48  Protoss Ground Weapons Level 1  
  56  4:49  Protoss Ground Armor Level 1  
  57  4:55  Probe x2  
  57  4:59  Gateway x2  
  59  5:01  Gateway  
  59  5:08  Gateway  
  59  5:14  Charge  
  59  5:19  Observer, Probe x2  
  62  5:27  Pylon  
  62  5:31  Probe  
  62  5:32  Probe  
  64  5:36  Gateway  
  64  5:37  Probe, Pylon  
  64  5:40  Gateway  
  65  5:43  Probe  
  65  5:44  Probe  
  68  5:50  Probe, Pylon  
  68  5:56  Probe  
  69  6:03  Probe x2  
  71  6:05  Protoss Ground Weapons Level 2  
  71  6:06  Immortal  
  71  6:07  Sentry  
  77  6:12  Zealot x2  
  77  6:13  Zealot x3  
  77  6:14  Protoss Ground Armor Level 2  
  87  6:21  Nexus  
  87  6:25  Pylon  
  87  6:42  Pylon  
  87  6:45  Immortal, Zealot x5  
  87  6:46  Observer  
  101  6:51  Gateway  
  101  6:52  Gateway  
  101  6:59  Stalker x2  
  105  7:07  Pylon  
  105  7:08  Pylon, Zealot  
  105  7:09  Zealot x2  
  111  7:29  Zealot x7  
  125  7:30  Zealot  
  125  7:35  Immortal  
  113  7:50  Zealot x3, Stalker x4  
  113  7:51  Zealot  
  113  7:56  Protoss Ground Armor Level 3  
  109  8:00  Zealot x2  
  107  8:14  Warp Prism  
  107  8:16  Sentry  
  107  8:17  Zealot x3, Stalker x3  
  123  8:20  Zealot  
  125  8:45  Zealot  
  125  8:46  Zealot x8  
  143  8:52  Zealot  
  143  8:57  Immortal  
  147  9:06  Pylon  
  147  9:08  Pylon  
  147  9:25  Zealot  
  147  9:26  Zealot x7  
  147  9:30  Pylon  
  163  9:31  Pylon  
  163  9:33  Pylon  
  161  9:42  Observer, Zealot x2  
  91  9:52  Zealot  
  91  9:53  Immortal, Zealot x7  
  91  9:57  Observer  
  97  10:02  Sentry  
  95  10:09  Sentry  
  95  10:10  Sentry  
  91  10:16  Stalker x6  
  91  10:17  Stalker  
  97  10:37  Zealot  
  97  10:38  Zealot x2  
  97  10:39  Zealot  
  97  10:41  Sentry x2, Zealot x4  
Tags
 
Add a new tag
Caveats
  • Supply blocks, unpowered buildings, or Contaminate may cause inaccurate times.
  • Supply counts are checked every 10 seconds.